 Dungeon Crawl Stone Soup version 0.32-a0-814-g0968bab981 (webtiles) character file.

Game seed: 13278716034811286954

73 wilfster70 the Charlatan (level 4, -3/32 HPs)
             Began as a Gnoll Wanderer on Mar 22, 2024.
             Was a Follower of Kikubaaqudgha.
             Slain by a lemure (7 damage)
             ... led by Pikel
             ... on level 4 of the Dungeon.
             The game lasted 00:03:41 (1294 turns).

wilfster70 the Charlatan (Gnoll Wanderer)           Turns: 1294, Time: 00:03:41

Health: -3/32      AC:  2    Str:  9    XL:     4   Next: 27%
Magic:  6/8        EV: 11    Int: 11    God:    Kikubaaqudgha [*.....]
Gold:   79         SH:  0    Dex: 16    Spells: 8/9 levels left

rFire   . . .        b - +4 short sword
rCold   . . .        (no shield)
rNeg    . . .        d - +0 robe
rPois   .            (no helmet)
rElec   .            (no cloak)
rCorr   .            (no gloves)
SInv    .            (no boots)
Will    .....        (no amulet)
Stlth   ++           (no ring)
HPRegen 0.25/turn    (no ring)
MPRegen 0.11/turn

%: no passive effects
@: no status effects
A: fangs 1, strong nose, distributed training
a: Renounce Religion, Unearth Wretches


You were on level 4 of the Dungeon.
You worshipped Kikubaaqudgha.
Kikubaaqudgha was aware of your devotion.
You visited 1 branch of the dungeon, and saw 3 of its levels.

You collected 79 gold pieces.

Inventory:

Hand Weapons
 a - a +2 falchion
 b - a +4 short sword (weapon)
Armour
 d - a +0 robe (worn)
Wands
 i - a wand of flame (3)
Scrolls
 c - a scroll of teleportation
 e - 3 scrolls of fear {unknown}
 h - a scroll of acquirement {unknown}
 j - a scroll of silence {unknown}
 l - a scroll of fog {unknown}
Potions
 f - a potion of curing
 g - a potion of ambrosia {unknown}
 k - a potion of might {unknown}


   Skills:
 + Level 1.1 Fighting
 + Level 1.1 Short Blades
 + Level 4.6 Long Blades
 + Level 1.1 Axes
 + Level 1.1 Maces & Flails
 + Level 1.1 Polearms
 + Level 1.1 Staves
 + Level 1.1 Ranged Weapons
 + Level 2.7 Throwing
 + Level 1.1 Armour
 + Level 1.1 Dodging
 + Level 2.5 Stealth
 + Level 1.1 Shields
 + Level 1.1 Unarmed Combat
 + Level 3.0 Spellcasting
 + Level 0.9 Conjurations
 + Level 0.9 Hexes
 + Level 0.9 Summonings
 + Level 0.9 Necromancy
 + Level 0.9 Translocations
 + Level 0.9 Fire Magic
 + Level 0.9 Ice Magic
 + Level 0.9 Air Magic
 + Level 0.9 Earth Magic
 + Level 3.8 Alchemy
 + Level 2.8 Invocations
 + Level 4.6 Evocations
 + Level 1.0 Shapeshifting


You had 8 spell levels left.
You knew the following spells:

 Your Spells              Type           Power      Damage    Failure   Level
a - Sting                 Conj/Alch      24%        1d4       10%         1

Your spell library contained the following spells:

 Spells                   Type           Power      Damage    Failure   Level
 Kiss of Death            Conj/Necr      12%        2d6       19%         1
 Cigotuvi's Dreadful Rot  Necr/Alch/Air  10%        N/A       19%         2
 Sublimation of Blood     Necr           3%         N/A       26%         2
 Mephitic Cloud           Conj/Alch/Air  5%         N/A       34%         3
 Frozen Ramparts          Ice            6%         1d1       47%         3
 Fugue of the Fallen      Necr           3%         N/A       47%         3
 Ozocubu's Armour         Ice            3%         N/A       47%         3
 Metabolic Englaciation   Hex/Ice        1%         N/A       99%         5


Dungeon Overview and Level Annotations

Branches:
Dungeon (2/15)

Altars:
Kikubaaqudgha


Innate Abilities, Weirdness & Mutations

You have very sharp teeth.
Your uncanny sense of smell can sniff out nearby items.
Your experience applies equally to all skills.


Message History

The sting misses the lemure.
The lemure hits you but does no damage.
Casting: Sting (safe; 10% risk of failure)
Confirm with . or Enter, or press ? or * to list all spells.
Aiming: Sting (safe; 10% risk of failure)
Press: ? - help, Shift-Dir - straight line, f/p - lemure
Aim: a lemure (severely wounded, poisoned, 60% to hit)
The sting hits the lemure but does no damage.
The lemure looks even sicker.
The lemure is severely wounded.
The lemure hits you but does no damage.
Casting: Sting (safe; 10% risk of failure)
Confirm with . or Enter, or press ? or * to list all spells.
Aiming: Sting (safe; 10% risk of failure)
Press: ? - help, Shift-Dir - straight line, f/p - lemure
Aim: a lemure (severely wounded, very poisoned, 60% to hit)
The sting hits the lemure.
The lemure looks even sicker.
The lemure is severely wounded.
The lemure barely misses you. The lemure attacks as it pursues you!
The lemure barely misses you.
You kill the lemure!
That felt strangely unrewarding.
Found a +0 club.
You see here a +0 club.
A quokka comes into view.
You closely miss the quokka. The quokka bites you.
You hit the lemure.
The lemure is lightly wounded.
The lemure hits you.
* * * LOW HITPOINT WARNING * * *
The quokka bites you but does no damage.
You hit the lemure but do no damage.
The lemure is lightly wounded.
The lemure hits you.
* * * LOW HITPOINT WARNING * * *
The quokka bites you but does no damage.
You barely miss the lemure. Your bite misses the lemure.
The lemure is lightly wounded.
The quokka closely misses you. The lemure hits you!
You die...
Kikubaaqudgha rasps: You have failed me!
Welcome... death!

.# #.#......#
.# #.#.###..#
# .#
#.#.###..##.#
.#
#.#.........#
.. #........#
## #######)##
#.# #.######
#..5@r.#
######....#
##.#


You could see a lemure and a quokka.

Vanquished Creatures
  A lemure (D:4)
  Jessica (D:2)
  An adder (D:4)
  A dart slug (D:4)
  3 orcs (D:4)
  2 endoplasms (D:1)
  A giant cockroach (D:1)
  8 goblins
  2 hobgoblins
  2 quokkas (D:1)
  2 ball pythons (D:1)
  3 bats (D:1)
  A frilled lizard (D:2)
  3 kobolds
  A rat (D:1)
32 creatures vanquished.

Notes
Turn   | Place    | Note
-------+----------+-------------------------------------------
     0 | D:1      | wilfster70 the Gnoll Wanderer began the quest for the Orb.
     0 | D:1      | wilfster70 set off with the following items: a +2 falchion,
                  | a wand of flame (3), a scroll of teleportation, a +0 robe;
                  | and the following spell memorised: Sting; and the following
                  | spells available to memorise: Mephitic Cloud.
     0 | D:1      | Reached XP level 1. HP: 13/13 MP: 4/4
   223 | D:1      | Reached XP level 2. HP: 12/19 MP: 5/5
   592 | D:1      | Found a faded altar of an unknown god.
   601 | D:1      | Prayed at the altar of an unknown god.
   601 | D:1      | Became a worshipper of Kikubaaqudgha
   601 | D:1      | Reached * piety under Kikubaaqudgha
   601 | D:1      | Received a gift from Kikubaaqudgha
   718 | D:1      | Reached XP level 3. HP: 21/25 MP: 7/7
   888 | D:2      | Noticed Jessica
   898 | D:2      | Killed Jessica
   899 | D:2      | Reached skill level 1 in Fighting
   899 | D:2      | Reached skill level 1 in Short Blades
   899 | D:2      | Reached skill level 1 in Axes
   899 | D:2      | Reached skill level 1 in Maces & Flails
   899 | D:2      | Reached skill level 1 in Polearms
   899 | D:2      | Reached skill level 1 in Staves
   899 | D:2      | Reached skill level 1 in Ranged Weapons
   899 | D:2      | Reached skill level 1 in Armour
   899 | D:2      | Reached skill level 1 in Dodging
   899 | D:2      | Reached skill level 1 in Shields
   899 | D:2      | Reached skill level 1 in Unarmed Combat
   987 | D:2      | You fall into a shaft and drop 2 floors!
  1014 | D:4      | Reached skill level 1 in Shapeshifting
  1014 | D:4      | Reached XP level 4. HP: 29/32 MP: 8/8
  1197 | D:4      | Noticed a lemure
  1199 | D:4      | Noticed a lemure
  1199 | D:4      | Noticed a lemure
  1199 | D:4      | Noticed a lemure
  1275 | D:4      | Killed a lemure
  1294 | D:4      | Slain by a lemure

Illustrated notes

Levels and vault maps discovered:
D:1:      ebering_trefoil_twist, layout_loops_cross,
          ebering_ecumenical_altar_rust, grunt_decor_mini_mirrors
D:2:      layout_loops_ring, uniq_jessica
D:4:      layout_loops_corners, nicolae_take_the_stairs, kennysheep_minor_cross,
          uniq_pikel

Skill      XL: |  1  2  3  4 |
---------------+-------------+-----
Fighting       | 1 |  1.1
Short Blades   | 1 |  1.1
Axes           | 1 |  1.1
Maces & Flails | 1 |  1.1
Polearms       | 1 |  1.1
Staves         | 1 |  1.1
Ranged Weapons | 1 |  1.1
Armour         | 1 |  1.1
Dodging        | 1 |  1.1
Shields        | 1 |  1.1
Unarmed Combat | 1 |  1.1
Shapeshifting  | 1 |  1.0
Spellcasting   | 3 |  3.0
Long Blades    | |  4.6
Throwing       | |  2.7
Stealth        | |  2.5
Conjurations   | |  0.9
Hexes          | |  0.9
Summonings     | |  0.9
Necromancy     | |  0.9
Translocations | |  0.9
Fire Magic     | |  0.9
Ice Magic      | |  0.9
Air Magic      | |  0.9
Earth Magic    | |  0.9
Alchemy        | |  3.8
Invocations    | |  2.8
Evocations     | |  4.6

Action                     |  1- 3 |  4- 6 || total
---------------------------+-------+-------++-------
  Melee: Falchion          |    45 |       ||    45
         Short sword       |    26 |    19 ||    45
         Bite              |     4 |     2 ||     6
   Cast: Sting             |     3 |    14 ||    17
    Use: Potion            |       |     1 ||     1
   Stab: Sleeping          |     3 |       ||     3
 Armour: Robe              |    36 |    26 ||    62
  Dodge: Dodged            |    32 |    16 ||    48

Table legend: (Time is in decaauts)
 A = Elapsed time spent in this place.
 B = Non-inter-level travel time spent in this place.
 C = Inter-level travel time spent in this place.
 D = Time resting spent in this place.
 E = Time spent auto-exploring this place.
 F = Levels seen in this place.
 G = Mean time per level.
                   A        B        C        D        E       F      G
               +--------+--------+--------+--------+--------+-----+--------+
         Total |   1295 |   1265 |     30 |    187 |    445 |   3 |  431.7 |
       Dungeon |   1295 |   1265 |     30 |    187 |    445 |   3 |  431.7 |
               +--------+--------+--------+--------+--------+-----+--------+

Top non-repeatable levels by time:
     D:1: 848 daAuts
     D:4: 305 daAuts
     D:2: 141 daAuts
